 Dungeon Crawl Stone Soup version 0.27.0-1-g7a089689b8 (webtiles) character file.

Game seed: 8511032075724289936

86 hofbold the Ducker (level 4, 0/35 HPs)
             Began as a Djinni Monk on Aug 12, 2021.
             Slain by Ijyb (3 damage)
             ... on level 3 of the Dungeon.
             The game lasted 00:05:39 (2976 turns).

hofbold the Ducker (Djinni Monk)                    Turns: 2976, Time: 00:05:40

Health: 0/35       AC:  5    Str: 10    XL:     4   Next: 77%
Gold:   60         EV: 11    Int: 13    God:
                   SH:  0    Dex: 15

rFire    + + .     SeeInvis .   a - +0 spear
rCold    x . .     Faith    .   (no shield)
rNeg     . . .     Spirit   .   i - +0 ring mail
rPois    ∞         Reflect  .   (no helmet)
rElec    .         Harm     .   (no cloak)
rCorr    .         Rampage  .   (no gloves)
Will     .....                  (boots unavailable)
Stlth    +.........             (no amulet)
HPRegen  0.11/turn              (no ring)
MPRegen  0.00/turn              (no ring)

@: about to teleport, weak-willed, flying, very slightly contaminated
A: sickness immunity, fire resistance 2, cold vulnerability 1, float, innate
caster, hp casting, extra vitality 1, MP-powered wands
a: no special abilities


You were on level 3 of the Dungeon.
You visited 1 branch of the dungeon, and saw 3 of its levels.

You collected 60 gold pieces.

Inventory:

Hand Weapons
 a - a +0 spear (weapon)
Missiles
 o - 4 boomerangs (quivered)
Armour
 b - a +0 robe
 i - a +0 ring mail (worn)
Scrolls
 d - a scroll of amnesia
 f - a scroll of teleportation
 h - 2 scrolls of vulnerability
 j - a scroll of enchant weapon {unknown}
 k - 2 scrolls of identify
 l - a scroll of magic mapping
Potions
 e - a potion of berserk rage {unknown}
 g - a potion of mutation
 n - a potion of degeneration {unknown}


   Skills:
 + Level 3.4 Fighting
 + Level 2.7 Polearms
 + Level 1.3 Armour
 + Level 3.6 Dodging
 - Level 1.5 Stealth
 * Level 1.5 Spellcasting


You had 5 spell levels left.
You knew the following spells:

 Your Spells              Type           Power      Damage    Failure   Level
a - Pain                  Necr           16%        1d4       36%         1
Your spell library was empty.

Dungeon Overview and Level Annotations

Branches:
Dungeon (3/15)

Altars:

Shops:
D:2 :

Annotations:
D:3 1 runed translucent door, Ijyb; Sigmund; Skiberibeda's ghost, amateur GrEE


Innate Abilities, Weirdness & Mutations

You are immune to sickness and miasma.
You are immune to poison.
Your flesh is very heat resistant. (rF++)
You are vulnerable to cold. (rC-)
You float through the air rather than walking.
You learn spells naturally, not from books.
Your magical power is your life essence.
You have superior vitality. (+4 HP)
You expend health (3 HP) to strengthen your wands.


Message History

Casting: Pain (safe; 36% risk of failure)
Confirm with . or Enter, or press ? or * to list all spells.
Aiming: Pain (safe; 36% risk of failure)
Press: ? - help, Shift-Dir - straight line, f/p - Ijyb
Aim: Ijyb, wielding a +0 club and wearing a +0 leather armour (severely wounded, chance to affect: 53%) Ijyb resists with significant effort.
Ijyb misses you.
Casting: Pain (safe; 36% risk of failure)
Confirm with . or Enter, or press ? or * to list all spells.
Aiming: Pain (safe; 36% risk of failure)
Press: ? - help, Shift-Dir - straight line, f/p - Ijyb
Aim: Ijyb, wielding a +0 club and wearing a +0 leather armour (severely wounded, chance to affect: 53%) Ijyb resists with significant effort.
Ijyb hits you with a +0 club.
* * * LOW HITPOINT WARNING * * *
Casting: Pain (safe; 36% risk of failure)
Confirm with . or Enter, or press ? or * to list all spells.
Aiming: Pain (safe; 36% risk of failure)
Press: ? - help, Shift-Dir - straight line, f/p - Ijyb
Aim: Ijyb, wielding a +0 club and wearing a +0 leather armour (severely wounded, chance to affect: 53%)
You miscast Pain.
Nothing appears to happen.
* * * LOW HITPOINT WARNING * * *
Ijyb hits you with a +0 club.
* * * LOW HITPOINT WARNING * * *
Okay, then.
As you read the scroll labelled KYINIO OPRIWK, it crumbles to dust.
Magic quickly surges around you.
It was a scroll of vulnerability.
Ijyb closely misses you.
Okay, then.
Unknown command.
As you read the scroll labelled WODUAH USCHANY, it crumbles to dust.
You feel strangely unstable.
It was a scroll of teleportation.
Ijyb misses you.
Okay, then.
Unknown command.
As you read the scroll labelled DICRASSALO, it crumbles to dust.
It is a scroll of amnesia.
You feel forgetful for a moment. Ijyb misses you.
As you read the scroll labelled WYC DAPSEHESKI, it crumbles to dust.
It is a scroll of identify.
l - a scroll of magic mapping Ijyb hits you with a +0 club.
You die...

...# ## #### ##..###.. #.
##..##⌠##..# #. # #..##...##..##.
## ###.##.....##.##. .##
...#W.!♣!.⌠#..#. #.###
#.##.....##..#. #...#
############..##...##..... #.#.##
#........@g....##.##...##.
.#...###.############..#+#..#.##.
......)..# ##...........
##...##### ####...#.##. .......
##### # ###.#### #.# #.# ...


You could see Ijyb (weak-willed).

Vanquished Creatures
  2 adders (D:2)
  A dart slug (D:3)
  4 orcs (D:3)
  4 ball pythons
  7 bats
  6 endoplasms
  2 giant cockroaches
  7 goblins
  4 hobgoblins
  2 quokkas
  4 frilled lizards
  9 kobolds
  4 rats
56 creatures vanquished.

Notes
Turn   | Place    | Note
-------+----------+-------------------------------------------
     0 | D:1      | hofbold the Djinni Monk began the quest for the Orb.
     0 | D:1      | Reached XP level 1. HP: 20/20 MP: 0/0
    22 | D:1      | Found a faded altar of an unknown god.
   132 | D:1      | Reached XP level 2. HP: 22/25 MP: 0/0
   727 | D:1      | Reached XP level 3. HP: 19/30 MP: 0/0
   727 | D:1      | Learned a level 1 spell: Pain
   901 | D:2      | Reached skill level 1 in Armour
   901 | D:2      | Reached skill level 1 in Spellcasting
  1145 | D:2      | Found Taung's Book Boutique.
  1815 | D:3      | Noticed Ijyb
  1842 | D:2      | Reached XP level 4. HP: 30/35 MP: 0/0
  2364 | D:3      | Noticed Sigmund
  2887 | D:3      | Found a runed translucent door.
  2887 | D:3      | Noticed Skiberibeda's ghost (amateur GrEE)
  2945 | D:3      | Gained mutation: You expend health (3 HP) to strengthen
                  | your wands. [potion of mutation]
  2976 | D:3      | Slain by Ijyb

Illustrated notes

Levels and vault maps discovered:
D:1:      tarquinn_simple_flora_water_f, layout_rooms, serial_curves,
          eino_curves_02, eino_curves_02, eino_curves_04,
          hellmonk_ecumenical_altar_arch_garden, minmay_misc_feat_room
D:2:      minmay_inner_zag, layout_loops_ring, serial_shops, shop_fountains
D:3:      wad_crossroads, layout_loops_ring, hellmonk_ghost_happy_afterlife,
          st_stairs_14, minmay_ruptured, uniq_sigmund, uniq_crazy_yiuf_cottage,
          uniq_ijyb

Skill      XL: |  1  2  3 |
---------------+----------+-----
Armour         | 1 |  1.3
Spellcasting   | 1 |  1.5
Fighting       | |  3.4
Polearms       | |  2.7
Dodging        | |  3.6
Stealth        | |  1.5

Action                   |  1- 3 |  4- 6 || total
-------------------------+-------+-------++-------
Melee: Spear             |   146 |    99 ||   245
       Unarmed           |       |    34 ||    34
Throw: Boomerang         |       |     4 ||     4
 Cast: Pain              |     1 |     7 ||     8
  Use: Scroll            |       |     4 ||     4
       Potion            |       |     4 ||     4
 Stab: Sleeping          |     3 |     3 ||     6
       Distracted        |     1 |       ||     1
Armor: Robe              |     2 |       ||     2
       Ring mail         |    32 |    27 ||    59
Dodge: Dodged            |    83 |    65 ||   148
